[ AOE2 MATCH · #483742914 ]
Team RMHindustanis vs Aztecs
Player's team · WIN
[ REPLAY ANALYSIS · EXTRACTED FROM THE RECORDED GAME ]
Feudal
—
Castle
—
Imperial
—
| APM avg | 51.7 |
| APM peak | 68 |
| eAPM avg | 13.6 |
| Villagers / military | 15 / 0 |
Focus
⚔️ 12.1% · 🌾 87.9%
Feudal
—
Castle
—
Imperial
—
| APM avg | 25.6 |
| APM peak | 41 |
| eAPM avg | 10.7 |
| Villagers / military | 20 / 0 |
Focus
⚔️ 9.1% · 🌾 90.9%
Feudal
—
Castle
—
Imperial
—
| APM avg | 54.4 |
| APM peak | 85 |
| eAPM avg | 17.0 |
| Villagers / military | 16 / 0 |
Focus
⚔️ 15.9% · 🌾 84.1%
Feudal
—
Castle
—
Imperial
—
| APM avg | 0.2 |
| APM peak | 1 |
| eAPM avg | 0.2 |
| Villagers / military | 0 / 0 |
Feudal
—
Castle
—
Imperial
—
| APM avg | 27.2 |
| APM peak | 53 |
| eAPM avg | 13.8 |
| Villagers / military | 23 / 0 |
Focus
⚔️ 11.9% · 🌾 88.1%
Feudal
—
Castle
—
Imperial
—
| APM avg | 54.8 |
| APM peak | 68 |
| eAPM avg | 14.1 |
| Villagers / military | 15 / 0 |
Focus
⚔️ 13.0% · 🌾 87.0%
Feudal
—
Castle
—
Imperial
—
| APM avg | 68.9 |
| APM peak | 113 |
| eAPM avg | 20.7 |
| Villagers / military | 25 / 0 |
Focus
⚔️ 13.4% · 🌾 86.6%
Feudal
—
Castle
—
Imperial
—
| APM avg | 50.8 |
| APM peak | 76 |
| eAPM avg | 10.9 |
| Villagers / military | 16 / 0 |
Focus
⚔️ 20.4% · 🌾 79.6%
Match map
Initial resources + every placement click. Lines = walls · curves = elevation contours. ◆ gold · ⬟ stone · ● berries · ✦ relic · ◌ wall gap
Your base
XydanAlves's base
Tupeck's base
Long John Silver's base
Duck Rattlehead's base
Go up!'s base
alwinmonteiro's base
Don Wea's base
Smoothed initial terrain · ◌ = detected wall gap · hover for details
Inputs per minute
— Men Call Me Gladiator - - XydanAlves
Build order — Men Call Me Gladiator
21 actions detected in the replay
| 0:01 | Create | Villager (Male) |
| 0:01 | Create | Villager (Male) |
| 0:03 | Build | House |
| 0:04 | Build | House |
| 0:12 | Create | Villager (Male) |
| 0:34 | Create | Villager (Male) |
| 1:04 | Create | Villager (Male) |
| 1:29 | Create | Villager (Male) |
| 1:59 | Build | Lumber Camp |
| 2:08 | Create | Villager (Male) |
| 2:16 | Create | Villager (Male) |
| 2:53 | Create | Villager (Male) |
| 3:02 | Build | House |
| 3:15 | Create | Villager (Male) |
| 3:58 | Create | Villager (Male) |
| 4:16 | Create | Villager (Male) |
| 4:35 | Create | Villager (Male) |
| 4:41 | Build | Mill |
| 4:57 | Create | Villager (Male) |
| 5:16 | Build | House |
| 5:28 | Create | Villager (Male) |
Build order — XydanAlves
26 actions detected in the replay
| 0:03 | Create | Villager (Male) ×4 |
| 0:03 | Create | Villager (Male) ×4 |
| 0:04 | Build | House |
| 1:20 | Create | Villager (Male) |
| 1:21 | Create | Villager (Male) |
| 1:31 | Build | House |
| 1:59 | Create | Villager (Male) |
| 2:09 | Build | House |
| 2:11 | Build | House |
| 2:12 | Build | House |
| 2:13 | Build | House |
| 2:15 | Build | House |
| 2:17 | Build | House |
| 2:19 | Build | House |
| 2:21 | Create | Villager (Male) |
| 2:21 | Create | Villager (Male) |
| 2:55 | Create | Villager (Male) |
| 2:56 | Create | Villager (Male) |
| 3:11 | Create | Villager (Male) |
| 3:58 | Create | Villager (Male) |
| 3:58 | Create | Villager (Male) |
| 4:25 | Build | Palisade Wall |
| 4:26 | Build | Palisade Wall |
| 4:51 | Create | Villager (Male) |
| 4:52 | Create | Villager (Male) |
| 5:05 | Build | Lumber Camp |
Build order — Tupeck
22 actions detected in the replay
| 0:00 | Research | Loom |
| 0:01 | Create | Villager (Male) |
| 0:02 | Build | House |
| 0:03 | Build | House |
| 0:10 | Create | Villager (Male) |
| 0:11 | Create | Villager (Male) |
| 0:11 | Create | Villager (Male) |
| 1:40 | Create | Villager (Male) |
| 2:35 | Build | Lumber Camp |
| 2:39 | Create | Villager (Male) |
| 2:40 | Create | Villager (Male) |
| 2:40 | Create | Villager (Male) |
| 3:14 | Create | Villager (Male) |
| 3:15 | Create | Villager (Male) |
| 3:26 | Create | Villager (Male) |
| 3:27 | Create | Villager (Male) |
| 3:27 | Create | Villager (Male) |
| 4:16 | Create | Villager (Male) |
| 4:16 | Create | Villager (Male) |
| 4:17 | Create | Villager (Male) |
| 4:30 | Build | House |
| 5:12 | Build | Mill |
Build order — Long John Silver
0 actions detected in the replay
Build order — Duck Rattlehead
35 actions detected in the replay
| 0:01 | Create | Villager (Male) |
| 0:02 | Create | Villager (Male) |
| 0:02 | Create | Villager (Male) |
| 0:03 | Build | House |
| 0:05 | Build | House |
| 0:22 | Create | Villager (Male) |
| 0:22 | Create | Villager (Male) |
| 1:25 | Create | Villager (Male) |
| 1:25 | Create | Villager (Male) |
| 1:55 | Build | Lumber Camp |
| 2:00 | Create | Villager (Male) |
| 2:00 | Create | Villager (Male) |
| 2:17 | Create | Villager (Male) |
| 2:17 | Create | Villager (Male) |
| 2:17 | Create | Villager (Male) |
| 2:52 | Create | Villager (Male) |
| 2:53 | Create | Villager (Male) |
| 2:53 | Create | Villager (Male) |
| 3:17 | Create | Villager (Male) |
| 3:17 | Create | Villager (Male) |
| 3:31 | Build | House |
| 3:32 | Build | House |
| 3:35 | Create | Villager (Male) |
| 3:35 | Create | Villager (Male) |
| 4:11 | Create | Villager (Male) |
| 4:11 | Create | Villager (Male) |
| 4:21 | Build | Mill |
| 4:24 | Build | Palisade Gate |
| 4:25 | Build | Palisade Wall |
| 4:26 | Build | Palisade Wall |
| 4:27 | Build | Palisade Wall |
| 4:28 | Build | Palisade Wall |
| 4:32 | Research | Loom |
| 4:40 | Create | Villager (Male) |
| 4:41 | Create | Villager (Male) |
Build order — Go up!
17 actions detected in the replay
| 0:03 | Build | House |
| 0:04 | Build | House |
| 0:06 | Create | Villager (Male) ×4 |
| 1:38 | Create | Villager (Male) |
| 1:39 | Create | Villager (Male) |
| 2:08 | Create | Villager (Male) |
| 2:08 | Create | Villager (Male) |
| 2:24 | Create | Villager (Male) |
| 2:29 | Build | Lumber Camp |
| 2:41 | Create | Villager (Male) |
| 3:07 | Create | Villager (Male) |
| 3:07 | Create | Villager (Male) |
| 3:31 | Build | House |
| 3:32 | Build | House |
| 3:51 | Create | Villager (Male) |
| 3:51 | Create | Villager (Male) |
| 3:51 | Create | Villager (Male) |
Build order — alwinmonteiro
35 actions detected in the replay
| 0:00 | Create | Villager (Male) |
| 0:01 | Create | Villager (Male) |
| 0:02 | Build | House |
| 0:03 | Create | Villager (Male) |
| 0:04 | Build | House |
| 0:04 | Create | Villager (Male) |
| 1:26 | Create | Villager (Male) |
| 1:26 | Create | Villager (Male) |
| 1:49 | Build | Lumber Camp |
| 2:01 | Create | Villager (Male) |
| 2:01 | Create | Villager (Male) |
| 2:16 | Create | Villager (Male) |
| 2:16 | Create | Villager (Male) |
| 2:16 | Create | Villager (Male) |
| 2:31 | Build | Palisade Wall |
| 2:32 | Build | Palisade Wall |
| 2:50 | Create | Villager (Male) |
| 2:50 | Create | Villager (Male) |
| 3:04 | Create | Villager (Male) |
| 3:04 | Create | Villager (Male) |
| 3:37 | Create | Villager (Male) |
| 3:37 | Create | Villager (Male) |
| 3:44 | Build | Palisade Gate |
| 3:50 | Create | Villager (Male) |
| 3:51 | Create | Villager (Male) |
| 3:59 | Build | House |
| 4:15 | Build | Palisade Wall |
| 4:24 | Create | Villager (Male) |
| 4:24 | Create | Villager (Male) |
| 4:35 | Build | House |
| 4:57 | Create | Villager (Male) |
| 5:02 | Build | House |
| 5:22 | Create | Villager (Male) |
| 5:22 | Create | Villager (Male) |
| 5:23 | Create | Villager (Male) |
Build order — Don Wea
14 actions detected in the replay
| 0:01 | Create | Villager (Male) ×4 |
| 1:21 | Create | Villager (Male) |
| 2:04 | Create | Villager (Male) |
| 2:21 | Create | Villager (Male) |
| 2:49 | Create | Villager (Male) |
| 3:08 | Create | Villager (Male) |
| 3:28 | Build | Lumber Camp |
| 3:44 | Create | Villager (Male) |
| 3:45 | Create | Villager (Male) |
| 3:45 | Create | Villager (Male) |
| 4:35 | Create | Villager (Male) |
| 4:40 | Create | Villager (Male) |
| 4:47 | Create | Villager (Male) |
| 5:01 | Create | Villager (Male) |
Match timeline
| 2:31 | alwinmonteiro · wall_segment Palisade Wall x2 |
| 2:32 | alwinmonteiro · wall_segment Palisade Wall x9 |
| 4:15 | alwinmonteiro · wall_segment Palisade Wall x1 |
| 4:25 | XydanAlves · wall_segment Palisade Wall x1 |
| 4:25 | Duck Rattlehead · wall_segment Palisade Wall x1 |
| 4:26 | XydanAlves · wall_segment Palisade Wall x1 |
| 4:26 | Duck Rattlehead · wall_segment Palisade Wall x1 |
| 4:27 | Duck Rattlehead · wall_segment Palisade Wall x1 |
| 4:28 | Duck Rattlehead · wall_segment Palisade Wall x1 |
| 5:03 | Long John Silver · resign |
[ AI ANALYSIS · 1 CREDIT ]
What really happened in this match?
Wolo.gg analyzes every decision: build order, eco, micro, common mistakes by bracket. Personalized analysis on WhatsApp or Discord in 30 seconds.
Civ guide
Hindustanis
Map guide
Glade
Perfil
Men Call Me Gladiator